 Dungeon Crawl Stone Soup version 0.20-a0-949-g916514f (webtiles) character file.

71 M4edhros the Grave Robber (level 4, -6/27 HPs)
             Began as an Octopode Necromancer on Apr 4, 2017.
             Mangled by a worker ant (8 damage)
             ... on level 4 of the Dungeon.
             The game lasted 00:04:32 (797 turns).

M4edhros the Grave Robber (Octopode Necromancer)     Turns: 797, Time: 00:04:32

Health: -6/27      AC:  1    Str:  7    XL:     4   Next: 24%
Magic:  7/7        EV: 13    Int: 17    God:
Gold:   98         SH:  0    Dex: 13    Spells: 2/7 levels left

rFire    . . .     SeeInvis .     - Unarmed
rCold    . . .     Gourm    .   (no shield)
rNeg     . . .     Faith    .   (helmet restricted)
rPois    .         Spirit   .   (no amulet)
rElec    .         Reflect  .   (no ring)
rCorr    .         Harm     .   (no ring)
MR       .....     Clarity  +   (no ring)
Stlth    +++.......             (no ring)
Regen    0.1/turn               (no ring)
MPRegen  0.1/turn               (no ring)
                                (no ring)
                                (no ring)

@: lethally poisoned (-6 -> -22)
A: almost no armour, stealthy swim, amphibious, 8 rings, constrict 8, antennae
2, tentacle spike 1, camouflage 1, clarity, gelatinous body 1
a: no special abilities


You were on level 4 of the Dungeon.
You were not hungry.

You visited 1 branch of the dungeon, and saw 4 of its levels.

You collected 98 gold pieces.

Inventory:

Hand Weapons
 k - a +0 blowgun
Missiles
 l - 7 poisoned needles
Scrolls
 e - a scroll of magic mapping {unknown}
 g - 2 scrolls of blinking {unknown}
 i - a scroll of remove curse {unknown}
 m - a scroll of fear {unknown}
 n - a scroll of amnesia {unknown}
Potions
 c - a potion of mutation
 d - a potion of curing {unknown}
 j - a potion of heal wounds {unknown}
Books
 a - a book of Necromancy

   Spells                             Type                      Level
   a - Pain                           Necromancy                   1
   b - Animate Skeleton               Necromancy                   1
   c - Vampiric Draining              Necromancy                   3
   d - Regeneration                   Charms/Necromancy            3
   e - Animate Dead                   Necromancy                   4
   f - Control Undead                 Necromancy                   4
Comestibles
 b - 3 bread rations
 f - 2 chunks of flesh
 h - a royal jelly


   Skills:
 - Level 2.0 Dodging
 - Level 2.6 Stealth
 + Level 3.7 Unarmed Combat
 - Level 2.0 Spellcasting
 - Level 4.0 Necromancy


You had 2 spell levels left.
You knew the following spells:

 Your Spells              Type           Power        Failure   Level  Hunger
a - Pain                  Necr           ###.         3%          1    #......
b - Animate Skeleton      Necr           N/A          3%          1    #......
c - Regeneration          Chrm/Necr      #.........   24%         3    ###....


Dungeon Overview and Level Annotations

Branches:
Dungeon (4/15)
 Temple: D:4-7

Altars:
Okawaru


Innate Abilities, Weirdness & Mutations

You cannot wear most types of armour.
You are very stealthy in the water. (Stealth+)
You are amphibious.
You can wear up to eight rings at the same time.
You can use your tentacles to constrict eight enemies at once.
Your skin changes colour to match your surroundings (Stealth+).
Your rubbery body absorbs attacks. (AC +1, EV +1)
You have a pair of antennae on your head.
One of your tentacles bears a spike.
You possess an exceptional clarity of mind.


Message History

The worker ant misses you.
You tentacle-slap the worker ant but do no damage.
You pierce the worker ant, but do no damage.
You constrict the worker ant. The worker ant barely misses you.
You tentacle-slap the worker ant but do no damage.
The worker ant is lightly wounded.
You constrict the worker ant. The worker ant bites you.
You are poisoned.
The worker ant poisons you!
You tentacle-slap the worker ant but do no damage.
The worker ant is lightly wounded.
You constrict the worker ant.
You feel sick. The worker ant bites you.
You are lethally poisoned!
The worker ant poisons you!
You tentacle-slap the worker ant but do no damage.
The worker ant is moderately wounded.
You constrict the worker ant.
You feel sick. The worker ant bites you!
* * * LOW HITPOINT WARNING * * *
The worker ant bites you!
You die...

#.# ##.#
.... #...
#..#
#..### #
#.a#.#.#
#.@....#..
#.<......+
#......###
........#
####.#####
#.# #.#
#.# #.#


You could see a worker ant.

Vanquished Creatures
  2 adders
  An ooze (D:3)
  A leopard gecko (D:3)
  5 orcs (D:3)
  3 giant cockroaches
  4 goblins
  5 hobgoblins
  5 kobolds
  7 bats
  A frilled lizard (D:3)
  7 rats
41 creatures vanquished.

Vanquished Creatures (collateral kills)
  An orc (D:3)
  A hobgoblin (D:3)
  A kobold (D:1)
3 creatures vanquished.

Grand Total: 44 creatures vanquished

Notes
Turn   | Place    | Note
-------+----------+-------------------------------------------
     0 | D:1      | M4edhros the Octopode Necromancer began the quest for the Orb.
     0 | D:1      | Reached XP level 1. HP: 11/11 MP: 3/3
    40 | D:1      | Learned a level 1 spell: Animate Skeleton
    97 | D:1      | Reached skill level 1 in Unarmed Combat
   122 | D:1      | Reached XP level 2. HP: 10/17 MP: 3/5
   367 | D:2      | Reached XP level 3. HP: 12/21 MP: 6/6
   372 | D:2      | Learned a level 3 spell: Regeneration
   520 | D:3      | Found an iron altar of Okawaru.
   527 | D:3      | Gained mutation: You have a pair of small antennae on your head. [potion of mutation]
   527 | D:3      | Gained mutation: You have a pair of antennae on your head. [potion of mutation]
   527 | D:3      | Gained mutation: One of your tentacles bears a spike. [potion of mutation]
   527 | D:3      | Gained mutation: You possess an exceptional clarity of mind. [potion of mutation]
   628 | D:3      | Reached XP level 4. HP: 16/27 MP: 7/7
   797 | D:4      | Mangled by a worker ant

Vault maps used:
D:1:      eino_arrival_druids_welcome
D:3:      okawaru_metal_pillars_1_2
D:4:      serial_shops, shop_statue, minmay_distorted

Skill      XL: |  1  2  3 |
---------------+----------+-----
Unarmed Combat | 1 2 3 |  3.7
Dodging        | |  2.0
Stealth        | |  2.6
Spellcasting   | |  2.0
Necromancy     | |  4.0

Action                   |  1- 3 |  4- 6 || total
-------------------------+-------+-------++-------
Melee: Unarmed           |    84 |    26 ||   110
       Constrict         |    20 |     5 ||    25
       Tentacles         |    13 |     5 ||    18
       Kick              |     1 |     5 ||     6
 Cast: Animate Skeleton  |    15 |     3 ||    18
       Pain              |     2 |       ||     2
       Regeneration      |     5 |     1 ||     6
  Use: Potion            |     1 |       ||     1
 Stab: Sleeping          |    14 |     2 ||    16
  Eat: Chunk             |       |     1 ||     1
Armor: Skin              |     6 |     2 ||     8
Dodge: Dodged            |    46 |    15 ||    61
